 Dungeon Crawl Stone Soup version 0.25-a0-294-gea9b1ad378 (webtiles) character file.

Game seed: 14841836922187518955, levelgen mode: deterministic

56 Anathary the Skirmisher (level 3, -6/29 HPs)
             Began as a Demonspawn Monk on Dec 17, 2019.
             Killed from afar by a white imp (7 damage)
             ... with a puff of frost
             ... summoned by Natasha
             ... on level 2 of the Dungeon.
             The game lasted 00:03:38 (973 turns).

Anathary the Skirmisher (Demonspawn Monk)            Turns: 973, Time: 00:03:38

Health: -6/29      AC:  4    Str: 11    XL:     3   Next: 71%
Magic:  3/3        EV: 14    Int: 11    God:
Gold:   66         SH:  0    Dex: 16    Spells: 2/2 levels left

rFire    . . .     SeeInvis .   l - +1 dagger (speed)
rCold    . . .     Gourm    .   (no shield)
rNeg     . . .     Faith    .   b - +0 robe
rPois    .         Spirit   .   (no helmet)
rElec    .         Reflect  .   (no cloak)
rCorr    .         Harm     .   (no gloves)
MR       .....                  (no boots)
Stlth    ++........             (no amulet)
HPRegen  0.09/turn              (no ring)
MPRegen  0.08/turn              (no ring)

@: slowed, very slow
A: slimy green scales 1
a: no special abilities


You were on level 2 of the Dungeon.
You were not hungry.

You visited 1 branch of the dungeon, and saw 2 of its levels.

You collected 66 gold pieces.

Inventory:

Hand Weapons
 a - a +0 falchion
 l - a +1 dagger of speed (weapon)
Armour
 b - a +0 robe (worn)
Jewellery
 e - a +3 ring of evasion {unknown}
Scrolls
 g - a scroll of remove curse {unknown}
 h - a scroll of teleportation {unknown}
 i - 2 scrolls of magic mapping {unknown}
 k - a scroll of fog {unknown}
Potions
 d - a potion of brilliance {unknown}
 f - a potion of curing {unknown}
 j - 2 potions of ambrosia {unknown}
Comestibles
 c - a ration


   Skills:
 + Level 3.6 Fighting
 + Level 0.1(1.8) Short Blades
 - Level 3.1 Long Blades
 + Level 3.4 Dodging
 - Level 1.8 Stealth


You had 2 spell levels left.
You didn't know any spells.
Your spell library was empty.

Dungeon Overview and Level Annotations

Branches:
Dungeon (2/15)

Altars:

Annotations:
D:2 Natasha


Innate Abilities, Weirdness & Mutations

You are partially covered in slimy green scales. (AC +2)


Message History

Natasha is lightly wounded.
The white imp hits you but does no damage.
Natasha closely misses you.
You hit Natasha.
Natasha is lightly wounded.
Natasha claws you.
* * * LOW HITPOINT WARNING * * *
The white imp hits you.
* * * LOW HITPOINT WARNING * * *
The white imp freezes you.
* * * LOW HITPOINT WARNING * * *
You hit Natasha but do no damage.
Natasha is lightly wounded.
The shadow imp barely misses you.
Natasha howls an incantation.
You feel disoriented. Natasha claws you but does no damage.
The white imp gestures at you. The puff of frost hits you!
You die...

######.#<..# #
######.....##
#.##.....#.....##
#)#.............##
#.............(..#
#................#
####................#
...............5h5..#
####............@...# #
#..<.............# #
#...............## #
..).#.....#......#
...#.######.######....>..
.###. #.# ....$.. # #.#
....... #.# ....... ...
.......


You could see Natasha, a white imp and a shadow imp.

Vanquished Creatures
  Natasha (D:2)
  A dart slug (D:1)
  3 giant cockroaches (D:1)
  7 goblins
  2 hobgoblins (D:1)
  A ball python (D:1)
  6 bats
  A frilled lizard (D:1)
  3 kobolds (D:1)
  4 rats (D:1)
29 creatures vanquished.

Notes
Turn   | Place    | Note
-------+----------+-------------------------------------------
     0 | D:1      | Anathary the Demonspawn Monk began the quest for the Orb.
     0 | D:1      | Reached XP level 1. HP: 18/18 MP: 1/1
   289 | D:1      | Gained mutation: You are partially covered in slimy green
                  | scales. (AC +2) [demonic ancestry]
   289 | D:1      | Reached XP level 2. HP: 24/24 MP: 2/2
   773 | D:2      | Reached XP level 3. HP: 28/29 MP: 3/3
   855 | D:2      | Noticed Natasha
   873 | D:2      | Killed Natasha
   945 | D:2      | Noticed Natasha
   972 | D:2      | HP: 1/29 [white imp[Natasha] (2)]
   973 | D:2      | Killed from afar by a white imp

Levels and vault maps discovered:
D:1:      shiori_arrival_whats_in_store_for_you, layout_basic,
          minmay_pentomino_s2
D:2:      layout_rooms, lemuel_crystal_altar, okawaru_altar_gauntlet_db,
          uniq_natasha

Skill      XL: |  1  2 |
---------------+-------+-----
Long Blades    | 3 |  3.1
Dodging        | 3 |  3.4
Fighting       | |  3.6
Short Blades   | |  0.1
Stealth        | |  1.8

Action                   || total
-------------------------++-------
Melee: Falchion          ||    66
       Dagger            ||    25
 Stab: Sleeping          ||     6
Armor: Robe              ||    27
       Skin              ||    18
Dodge: Dodged            ||    76
       Rpst.: Falchion   ||    22

Table legend:
 A = Non-vault XP
 B = Vault XP
 C = Vault XP percentage of total XP
 D = Non-vault monster count
 E = Vault monster count
 F = Vault count percentage of total count
                 A         B        C        D         E       F
            +---------+---------+-------+---------+---------+-------
      Total |      45 |      36 |  44.4 |      27 |       2 |   6.9
            +---------+---------+-------+---------+---------+-------
        D:1 |      38 |       1 |   2.6 |      23 |       1 |   4.2
        D:2 |       7 |      35 |  83.3 |       4 |       1 |  20.0
            +---------+---------+-------+---------+---------+-------
